 Dungeon Crawl Stone Soup version 0.16.2-12-gd0ad4c3 (webtiles) character file.

2685 faibistes the Thaumaturge (level 9, -3/48 HPs)
             Began as a Deep Elf Wizard on Feb 23, 2019.
             Was a Priest of Sif Muna.
             Slain by faibistes' ghost (5 damage)
             ... in a bailey.
             The game lasted 00:22:07 (8475 turns).

faibistes the Thaumaturge (Deep Elf Wizard)         Turns: 8475, Time: 00:22:08

Health: -3/48      AC:  5    Str:  4    XL:     9   Next: 38%
Magic:  17/29      EV: 15    Int: 27    God:    Sif Muna [***...]
Gold:   404        SH:  0    Dex: 13    Spells: 6 memorised, 14 levels left

rFire  . . .     SeeInvis .     E - +0 dagger (holy)
rCold  . . .     Clarity  .     a - +0 robe
rNeg   . . .     SustAb   .     (no shield)
rPois  +         Gourm    .     b - +0 hat
rElec  .         Spirit   .     r - +1 cloak
rCorr  .         Warding  .     z - +0 pair of gloves
rMut   .         Stasis   .     (no boots)
MR     .....                    (no amulet)
Stlth  ++........               t - ring of wizardry
                                y - ring of poison resistance

@: repel missiles, not resistant to hostile enchantments, unstealthy
A: spit poison 1
a: Spit Poison, Channel Energy, Forget Spell, Renounce Religion


You were in a bailey.
You worshipped Sif Muna.
Sif Muna was most pleased with you.
You were near starving.

You visited 2 branches of the dungeon, and saw 10 of its levels.
You also visited: Bailey.

You collected 404 gold pieces.

Inventory:

Hand weapons
 h - a +0 dagger
 w - a +1 dagger of venom
 E - a +0 dagger of holy wrath (weapon)
Armour
 a - a +0 robe (worn)
 b - a +0 hat (worn)
 r - a +1 cloak (worn)
 z - a +0 pair of gloves (worn)
Jewellery
 n - a cursed +5 ring of strength
 t - a ring of wizardry (right hand)
 y - a ring of poison resistance (left hand)
 K - an uncursed amulet of guardian spirit {unknown}
Magical devices
 v - a wand of lightning (6)
 D - a wand of paralysis (16)
Scrolls
 g - 2 scrolls of recharging
 i - a scroll of fog
 q - a scroll of identify
 u - 4 scrolls of remove curse {unknown}
 J - a scroll of blinking {unknown}
Potions
 e - 4 potions of might
 f - a potion of mutation
 k - 2 potions of magic
 l - 2 potions of cancellation
 x - a potion of agility
 C - a potion of berserk rage
 G - a potion of restore abilities
Books
 c - a book of Minor Magic

   Spells                             Type                      Level
   a - Magic Dart                     Conjuration                  1
   b - Blink                          Translocation                2
   c - Call Imp                       Summoning                    2
   d - Repel Missiles                 Charms/Air                   2
   e - Slow                           Hexes                        2
   f - Conjure Flame                  Conjuration/Fire             3
   g - Mephitic Cloud                 Conjuration/Poison/Air       3
 H - a book of Enchantments

   Spells                             Type                      Level
   a - Tukima's Dance                 Hexes                        3
   b - Cause Fear                     Hexes                        4
   c - Silence                        Hexes/Air                    5
   d - Deflect Missiles               Charms/Air                   6
   e - Haste                          Charms                       6
   f - Discord                        Hexes                        8
Comestibles
 d - 6 bread rations
 j - a beef jerky
 p - 2 meat rations
 s - 9 fruits
 I - a slice of pizza


   Skills:
 + Level 2.2 Fighting
 + Level 5.7 Dodging
 - Level 2.4 Stealth
 * Level 9.6 Spellcasting
 + Level 6.3 Conjurations
 + Level 0.8 Charms
 - Level 1.1 Summonings
 + Level 1.5 Translocations
 * Level 4.9 Fire Magic
 - Level 4.1 Air Magic
 - Level 3.4 Poison Magic
 * Level 1.2 Invocations
 + Level 2.0 Evocations


You had 14 spell levels left.
You knew the following spells:

 Your Spells              Type           Power        Failure   Level  Hunger
a - Magic Dart            Conj           ####         1%          1    None
b - Conjure Flame         Conj/Fire      #####...     1%          3    None
c - Call Imp              Summ           ###.....     1%          2    None
d - Blink                 Tloc           N/A          1%          2    None
e - Mephitic Cloud        Conj/Pois/Air  #####...     1%          3    None
f - Repel Missiles        Chrm/Air       ####..       1%          2    None


Dungeon Overview and Level Annotations

Branches:
Dungeon (9/15)             Temple (1/1) D:5
   Lair: D:8-11         Orc: D:9-12

Altars:
Ashenzari
Cheibriados
Dithmenos
Elyvilon
Fedhas
Gozag
Kikubaaqudgha
Makhleb
Nemelex Xobeh
Okawaru
Ru
Sif Muna
Trog
Vehumet
Xom
Yredelemnul
Zin
The Shining One

Shops:
D:5 [

Annotations:
Bailey faibistes' ghost, experienced DEWz


Innate Abilities, Weirdness & Mutations

You can spit poison.


Message History

You closely miss faibistes' ghost.
Faibistes' ghost is almost destroyed.
Faibistes' ghost gestures at you while chanting.
The ball explodes into a vile cloud!
The stinking cloud engulfs you!
The stinking cloud engulfs faibistes' ghost.
The stinking cloud engulfs the crimson imp.
The shadow imp disappears for a moment.
The crimson imp barely misses you.
You hit faibistes' ghost but do no damage.
Faibistes' ghost is almost destroyed.
Faibistes' ghost hits you but does no damage.
The crimson imp closely misses you.
You closely miss faibistes' ghost.
Faibistes' ghost is almost destroyed.
Faibistes' ghost closely misses you. The crimson imp closely misses you.
A deep elf knight comes into view. It is wielding a short sword.
You closely miss faibistes' ghost.
Faibistes' ghost is almost destroyed.
Faibistes' ghost hits you.
You die...

#..e.#§...##
#.....#.(...#
#...W.#..∩..#
#.e...#.§...#
##...###e..###
.######)##..##
##.5.##.)..#
#.§...#....#
#§@W..##..##
##5§.######
#####


You could see a deep elf knight, faibistes' ghost, a crimson imp and a shadow
imp.

Vanquished Creatures
  6 yaks (D:9)
  2 deep elf magi (Bailey)
  3 water moccasins
  2 deep elf fighters (Bailey)
  A sky beast (D:7)
  A centaur (D:5)
  A giant frog (D:7)
  Blork the orc (D:5)
  2 scorpions (D:7)
  A goliath beetle (D:6)
  A crimson imp (D:7)
  A jelly (D:8)
  The ghost of faibistes the Magician, a weakling DEWz (D:4)
  An orc priest (D:4)
  A centaur skeleton (D:5)
  A gnoll shaman (D:5)
  3 iguanas
  2 orc wizards (D:4)
  2 worker ants
  Ijyb (D:5)
  Jessica (D:3)
  A mummy (D:6)
  A hound skeleton (D:9)
  A worker ant zombie (D:6)
  9 adders
  6 gnolls (D:5)
  2 worms
  2 adder skeletons
  2 giant geckos
  An ooze (D:2)
  4 orcs
  6 bats
  6 giant cockroaches
  12 goblins
  6 hobgoblins
  11 jackals
  A quokka (D:4)
  2 giant gecko skeletons (D:5)
  2 giant newts
  11 kobolds
  10 rats
131 creatures vanquished.

Vanquished Creatures (collateral kills)
  An adder (D:2)
  A worm (D:2)
  2 hobgoblins (D:2)
  3 jackals (D:2)
7 creatures vanquished.

Vanquished Creatures (others)
  A white imp (D:2)
1 creature vanquished.

Grand Total: 139 creatures vanquished

Notes
Turn   | Place    | Note
--------------------------------------------------------------
     0 | D:1      | faibistes, the Deep Elf Wizard, began the quest for the Orb.
     0 | D:1      | Reached XP level 1. HP: 10/10 MP: 6/6
   431 | D:1      | Reached XP level 2. HP: 15/15 MP: 2/10
   604 | D:1      | Learned a level 2 spell: Blink
   607 | D:1      | Learned a level 2 spell: Call Imp
  1292 | D:2      | Reached skill level 5 in Spellcasting
  1407 | D:2      | Reached XP level 3. HP: 19/19 MP: 12/14
  1412 | D:2      | Learned a level 3 spell: Conjure Flame
  1416 | D:2      | Learned a level 3 spell: Mephitic Cloud
  2002 | D:2      | Reached XP level 4. HP: 24/24 MP: 10/17
  2011 | D:2      | Learned a level 2 spell: Repel Missiles
  2380 | D:3      | Noticed Jessica
  2386 | D:3      | Killed Jessica
  3156 | D:4      | Reached skill level 6 in Spellcasting
  3156 | D:4      | Reached XP level 5. HP: 23/28 MP: 4/20
  3334 | D:5      | Entered Level 5 of the Dungeon
  3396 | D:4      | Noticed faibistes' ghost (weakling DEWz)
  3410 | D:4      | Killed faibistes' ghost
  3570 | D:4      | Gained mutation: You can spit poison. [potion of beneficial mutation]
  3804 | D:4      | Reached skill level 1 in Fighting
  3804 | D:4      | Reached XP level 6. HP: 32/34 MP: 16/22
  4081 | D:5      | Found a staircase to the Ecumenical Temple.
  4089 | Temple   | Entered the Ecumenical Temple
  4288 | D:5      | Noticed a water moccasin
  4302 | D:5      | Killed a water moccasin
  4302 | D:5      | Reached skill level 7 in Spellcasting
  4302 | D:5      | Reached skill level 1 in Evocations
  4542 | D:5      | Found a deep blue altar of Sif Muna.
  4548 | D:5      | Found a shattered altar of Ashenzari.
  4548 | D:5      | Found a sparkling altar of Nemelex Xobeh.
  4551 | D:5      | Became a worshipper of Sif Muna the Loreminder
  4695 | D:5      | Noticed a centaur
  4699 | D:5      | Noticed Ijyb
  4705 | D:5      | Killed a centaur
  4705 | D:5      | Reached XP level 7. HP: 40/40 MP: 13/25
  4783 | D:5      | Killed Ijyb
  5006 | D:5      | Noticed Blork the orc
  5016 | D:5      | Killed Blork the orc
  5016 | D:5      | Reached skill level 1 in Fire Magic
  5016 | D:5      | Reached skill level 1 in Air Magic
  5305 | D:5      | Found Crebeih's Armour Emporium.
  5755 | D:6      | Found a snail-covered altar of Cheibriados.
  6469 | D:6      | Reached skill level 1 in Poison Magic
  6488 | D:6      | Found a basalt altar of Yredelemnul.
  6491 | D:6      | Found a shadowy altar of Dithmenos.
  6494 | D:6      | Found a blossoming altar of Fedhas.
  6497 | D:6      | Found a glowing golden altar of the Shining One.
  7289 | D:7      | Acquired Sif Muna's first power
  7394 | D:7      | Reached XP level 8. HP: 41/44 MP: 6/27
  7511 | D:7      | Reached skill level 8 in Spellcasting
  7557 | D:7      | Reached skill level 5 in Dodging
  7557 | D:7      | Reached skill level 5 in Conjurations
  7770 | D:7      | Acquired Sif Muna's second power
  7889 | D:9      | Found a flagged portal.
  7909 | D:9      | Reached skill level 9 in Spellcasting
  7911 | D:9      | Reached XP level 9. HP: 14/48 MP: 6/29
  7932 | Bailey   | Entered a bailey
  8225 | Bailey   | Noticed faibistes' ghost (experienced DEWz)
  8229 | Bailey   | Reached skill level 1 in Invocations
  8325 | Bailey   | HP: 2/48 [poisoned by a deep elf fighter]
  8333 | Bailey   | HP: 2/48 [poisoned by a deep elf fighter]
  8468 | Bailey   | HP: 2/48 [faibistes' ghost (3)]
  8475 | Bailey   | Noticed a deep elf knight
  8475 | Bailey   | Slain by faibistes' ghost

Action                   |  1- 3 |  4- 6 |  7- 9 || total
-------------------------+-------+-------+-------++-------
Melee: Unarmed           |    14 |       |       ||    14
       Dagger            |     2 |    12 |    64 ||    78
 Cast: Magic Dart        |    69 |   132 |   121 ||   322
       Call Imp          |    12 |       |       ||    12
       Mephitic Cloud    |       |    10 |    17 ||    27
       Repel Missiles    |       |     3 |       ||     3
       Conjure Flame     |       |     6 |    29 ||    35
       Blink             |       |       |     1 ||     1
  Use: Scroll            |     1 |     8 |     7 ||    16
       Potion            |       |     1 |     1 ||     2
 Stab: Confused          |       |     1 |     4 ||     5
       Sleeping          |       |       |     1 ||     1
  Eat: Chunk             |     3 |     8 |     9 ||    20
       Fruit             |       |       |     1 ||     1
